WCHLSIM.com - West Coast Hockey League
html PUBLIC "-//W3C//DTD XHTML 1.0 Transitional//EN" "http://www.w3.org/TR/xhtml1/DTD/xhtml1-transitional.dtd"> WCHL - Game 90 - PORTLAND PIRATES vs SAN DIEGO THUNDER

PORTLAND PIRATES vs SAN DIEGO THUNDER

Created - 25 octobre 2023 at 21:41

Goals
1 2 3 T
PORTLAND PIRATES 1 0 0 1
SAN DIEGO THUNDER 2 1 0 3
Shots
1 2 3 T
PORTLAND PIRATES 14 10 14 38
SAN DIEGO THUNDER 12 7 6 25

1st period

1. SAN DIEGO THUNDER , Luke Kunin 4 (Evander Kane 2, Frank Vatrano 6) at 0:28
2. SAN DIEGO THUNDER , Drake Batherson 3 (Logan Couture 3) at 17:50
3. PORTLAND PIRATES , Mika Zibanejad 2 (Travis Konecny 2, Robert Thomas 6) at 18:15

Penalties :
Nick Holden (POR) for Hooking (Minor) at 1:40, Brian Dumoulin (POR) for Interference (Minor) at 7:43, Erik Cernak (SDG) for Interference (Minor) at 10:45, Erik Cernak (SDG) for Hooking (Minor) at 14:27

2nd period

4. SAN DIEGO THUNDER , Isac Lundestrom 1 (Logan Couture 4, Charles McAvoy 4) at 11:43

Penalties :
Evander Kane (SDG) for Goalie Interference (Minor) at 6:00

3rd period

No Goal

Penalties :
William Carrier (POR) for Slashing (Minor) at 12:02

Goalie Stats

Martin Jones (POR), 22 saves from 25 shots - (0,880), L, 3-2-0, 60:00 minutes
Connor Hellebuyck (SDG), 37 saves from 38 shots - (0,974), W, 3-1-0, 60:00 minutes

Players Stats for PORTLAND PIRATES

Player Name              G  A  P  +/- PIM S  H  SB GA TA FO     MP     PP MP  PK MP  
------------------------------------------------------------------------------------
Alec Martinez            0  0  0   0  0   1  0  1  0  0  0/0    17:57   2:49   0:51 
Brett Pesce              0  0  0  -2  0   0  1  1  0  0  0/0    18:57   0:02   2:59 
Brian Dumoulin           0  0  0   0  2   0  1  0  0  0  0/0    19:42   0:00   1:50 
Chandler Stephenson      0  0  0  -2  0   0  0  0  0  0  20/28  20:53   3:00   0:56 
Marc Staal               0  0  0   1  0   0  0  0  0  0  0/0    10:57   0:00   3:16 
Michael Amadio           0  0  0  -1  0   3  0  0  0  0  1/2    12:16   0:00   2:15 
Michael McLeod           0  0  0   0  0   0  0  0  0  0  6/8     7:35   0:00   2:46 
Mika Zibanejad           1  0  1   1  0   5  0  1  0  0  13/23  19:16   2:57   0:00 
Nathan Bastian           0  0  0   0  0   0  1  0  0  0  0/1     7:35   0:00   2:46 
Nick Holden              0  0  0  -1  2   1  2  0  0  0  0/0     9:51   3:08   0:00 
Pavel Zacha              0  0  0  -2  0   3  2  0  0  0  0/1    19:57   3:00   0:00 
Robert Thomas            0  1  1   1  0   7  0  0  0  0  1/1    19:16   2:57   0:00 
Sam Steel                0  0  0  -1  0   3  0  0  0  0  4/10   10:57   0:00   0:56 
Thomas Chabot            0  0  0   0  0   2  1  0  0  0  0/0    21:36   3:06   0:37 
Travis Hamonic           0  0  0  -2  0   0  2  1  0  0  0/0    20:58   2:49   2:21 
Travis Konecny           0  1  1   1  0   5  4  0  0  0  1/1    19:16   2:57   0:00 
William Carrier          0  0  0  -1  2   4  2  0  0  0  0/1    14:49   0:00   0:00 
Yanni Gourde             0  0  0  -2  0   4  3  0  0  0  1/2    22:12   3:00   2:15 

Players Stats for SAN DIEGO THUNDER

Player Name              G  A  P  +/- PIM S  H  SB GA TA FO     MP     PP MP  PK MP  
------------------------------------------------------------------------------------
Adam Boqvist             0  0  0   1  0   0  0  0  0  0  0/0    14:04   0:00   0:11 
Alexandre Carrier        0  0  0   1  0   0  2  2  0  0  0/0    15:37   0:00   1:52 
Andrew Cogliano          0  0  0   0  0   1  0  0  0  0  3/15   13:37   0:00   0:39 
Brandon Saad             0  0  0   1  0   1  0  0  0  0  0/0    20:23   2:27   2:50 
Charles McAvoy           0  1  1   0  0   1  0  0  0  0  0/0    24:04   2:06   3:37 
Connor Murphy            0  0  0   1  0   0  4  0  0  0  0/0    22:24   3:51   2:41 
Derek Forbort            0  0  0   1  0   1  1  2  0  0  0/0    22:01   3:51   2:18 
Drake Batherson          1  0  1   1  0   5  3  0  0  0  1/3    17:33   2:27   0:00 
Erik Cernak              0  0  0   0  4   0  3  0  0  0  0/0    21:48   2:06   1:15 
Evander Kane             0  1  1   0  2   4  0  0  0  0  0/3    14:24   0:00   0:00 
Filip Zadina             0  0  0   0  0   0  2  0  0  0  0/0    12:58   0:00   0:00 
Frank Vatrano            0  1  1   0  0   5  0  0  0  0  8/19   20:48   3:30   2:53 
Isac Lundestrom          1  0  1   1  0   1  0  0  0  0  1/2     8:30   0:00   2:53 
Jake Neighbours          0  0  0   0  0   0  0  0  0  0  0/0     0:00   0:00   0:00 
Jordan Martinook         0  0  0   0  0   4  1  0  0  0  1/7    19:07   3:30   2:39 
Logan Couture            0  2  2   2  0   0  3  0  0  0  15/23  23:10   2:27   0:00 
Luke Kunin               1  0  1   0  0   1  1  0  0  0  0/0    17:55   3:30   0:00 
Wyatt Johnston           0  0  0   1  0   1  0  0  0  0  2/6     5:37   0:00   0:00 

3 Stars

1 - Connor Hellebuyck (SDG)
2 - Logan Couture (SDG)
3 - Drake Batherson (SDG)

Power Play

PORTLAND PIRATES - 0 on 3 Attempt(s) - 0,00%
SAN DIEGO THUNDER - 0 on 3 Attempt(s) - 0,00%

Penalty Kill

PORTLAND PIRATES - 3 on 3 Attempt(s) - 100,00% - Score 0 goal in Penalty Kill
SAN DIEGO THUNDER - 3 on 3 Attempt(s) - 100,00% - Score 0 goal in Penalty Kill

Team Stat

PORTLAND PIRATES - Hits : 19 - Faceoff Wins : 47 - Blocked Shots : 4 - Penalty Minutes : 6
SAN DIEGO THUNDER - Hits : 20 - Faceoff Wins : 31 - Blocked Shots : 4 - Penalty Minutes : 6

Official

Referees : Wes McCauley and Peter MacDougall
Linesman : Shandor Alphonso and Stephen Drain

Game Notes

No Game Note

Finance

Level 1 -- Attendance: 5617 (89,59%) -- Ticket Income 982 975 $
Level 2 -- Attendance: 4997 (93,93%) -- Ticket Income 599 640 $
Level 3 -- Attendance: 1889 (90,38%) -- Ticket Income 188 900 $
Level 4 -- Attendance: 4052 (93,80%) -- Ticket Income 283 640 $
Luxury Box -- Attendance: 1000 (100,00%) -- Ticket Income 300 000 $
Total Attendance: 17555 (92,39%)
Total Ticket Income: 2 355 155 $
Other Expense: 23 552 $
Total Income: 2 331 603 $

PORTLAND PIRATES

5 vs 5 Forward 
   Center                   Left Wing                Right Wing               Time % Phy DF OF 
 1 Mika Zibanejad           Travis Konecny           Robert Thomas            33     0   2  3  
 2 Chandler Stephenson      Pavel Zacha              Yanni Gourde             33     0   2  3  
 3 Sam Steel                William Carrier          Michael Amadio           22     0   3  2  
 4 Michael McLeod           William Carrier          Nathan Bastian           12     0   3  2  

5 vs 5 Defense 
   Defense                  Defense                                           Time % Phy DF OF 
 1 Brian Dumoulin           Thomas Chabot                                     33     0   4  1  
 2 Brett Pesce              Travis Hamonic                                    33     0   4  1  
 3 Marc Staal               Alec Martinez                                     18     0   4  1  
 4 Nick Holden              Alec Martinez                                     16     0   4  1  

PowerPlay Forward 
   Center                   Left Wing                Right Wing               Time % Phy DF OF 
 1 Mika Zibanejad           Travis Konecny           Robert Thomas            60     0   0  5  
 2 Chandler Stephenson      Pavel Zacha              Yanni Gourde             40     0   0  5  

PowerPlay Defense
   Defense                  Defense                                           Time % Phy DF OF 
 1 Thomas Chabot            Nick Holden                                       60     0   1  4  
 2 Alec Martinez            Travis Hamonic                                    40     0   1  4  

Penalty Kill 4 Players Forward 
   Center                   Wing                     Time % Phy DF OF 
 1 Michael McLeod           Nathan Bastian           60     0   5  0  
 2 Yanni Gourde             Michael Amadio           40     0   5  0  

Penalty Kill 4 Players Defense
   Defense                  Defense                  Time % Phy DF OF 
 1 Brett Pesce              Marc Staal               60     0   5  0  
 2 Brian Dumoulin           Travis Hamonic           40     0   5  0  

Penalty Kill - 3 Players Forward 
   Forward                                           Time % Phy DF OF 
 1 Michael McLeod                                    55     0   5  0  
 2 Chandler Stephenson                               45     0   5  0  

Penalty Kill - 3 Players Defense
   Defense                  Defense                  Time % Phy DF OF 
 1 Brian Dumoulin           Nick Holden              55     0   5  0  
 2 Brett Pesce              Alec Martinez            45     0   5  0  

4 vs 4 Forward 
   Center                   Wing                     Time % Phy DF OF 
 1 Mika Zibanejad           Travis Konecny           55     0   1  4  
 2 Chandler Stephenson      Robert Thomas            45     0   1  4  

4 vs 4 Defense
   Defense                  Defense                  Time % Phy DF OF 
 1 Thomas Chabot            Nick Holden              55     0   2  3  
 2 Marc Staal               Alec Martinez            45     0   2  3  

Last Minutes Offensive
   Center                   Left Wing                Right Wing               Defense                  Defense                  
   Mika Zibanejad           Travis Konecny           Robert Thomas            Thomas Chabot            Brett Pesce              

Last Minutes Defensive
   Center                   Left Wing                Right Wing               Defense                  Defense                  
   Michael McLeod           Chandler Stephenson      Yanni Gourde             Brian Dumoulin           Marc Staal               

Goaltenders
Starting : Martin Jones             
Backup : Cameron Talbot           

Extra Forwards
Normal : William Carrier, Michael McLeod, Michael Amadio - PP : William Carrier, Sam Steel - PK : Sam Steel
Extra Defensemen
Normal : Alec Martinez, Marc Staal, Travis Hamonic - PP : Brett Pesce - PK : Alec Martinez, Thomas Chabot
Penalty Shots
Mika Zibanejad, Travis Konecny, Robert Thomas, Chandler Stephenson, Pavel Zacha
Custom OT Lines Forwards
Mika Zibanejad, Robert Thomas, Travis Konecny, Chandler Stephenson, Yanni Gourde, Pavel Zacha, Sam Steel, William Carrier, Michael McLeod, Michael Amadio
Custom OT Lines Defensemen
Thomas Chabot, Brett Pesce, Brian Dumoulin, Travis Hamonic, Marc Staal

Scratches
Ryan McLeod (Left Hip Injury), Ryan Donato (Healthy)

SAN DIEGO THUNDER

5 vs 5 Forward 
   Center                   Left Wing                Right Wing               Time % Phy DF OF 
 1 Logan Couture            Brandon Saad             Drake Batherson          36     1   1  3  
 2 Frank Vatrano            Evander Kane             Luke Kunin               31     1   2  2  
 3 Andrew Cogliano          Jordan Martinook         Filip Zadina             23     1   2  2  
 4 Wyatt Johnston           Isac Lundestrom          Logan Couture            10     1   2  2  

5 vs 5 Defense 
   Defense                  Defense                                           Time % Phy DF OF 
 1 Charles McAvoy           Erik Cernak                                       36     1   2  2  
 2 Connor Murphy            Derek Forbort                                     31     1   2  2  
 3 Adam Boqvist             Alexandre Carrier                                 23     1   2  2  
 4 Charles McAvoy           Erik Cernak                                       10     1   2  2  

PowerPlay Forward 
   Center                   Left Wing                Right Wing               Time % Phy DF OF 
 1 Logan Couture            Brandon Saad             Drake Batherson          55     0   1  4  
 2 Frank Vatrano            Jordan Martinook         Luke Kunin               45     0   1  4  

PowerPlay Defense
   Defense                  Defense                                           Time % Phy DF OF 
 1 Charles McAvoy           Erik Cernak                                       55     1   2  2  
 2 Connor Murphy            Derek Forbort                                     45     1   2  2  

Penalty Kill 4 Players Forward 
   Center                   Wing                     Time % Phy DF OF 
 1 Jordan Martinook         Brandon Saad             55     1   2  2  
 2 Isac Lundestrom          Frank Vatrano            45     1   2  2  

Penalty Kill 4 Players Defense
   Defense                  Defense                  Time % Phy DF OF 
 1 Charles McAvoy           Erik Cernak              55     1   2  2  
 2 Connor Murphy            Derek Forbort            45     1   2  2  

Penalty Kill - 3 Players Forward 
   Forward                                           Time % Phy DF OF 
 1 Logan Couture                                     55     1   1  3  
 2 Isac Lundestrom                                   45     1   1  3  

Penalty Kill - 3 Players Defense
   Defense                  Defense                  Time % Phy DF OF 
 1 Charles McAvoy           Erik Cernak              55     1   2  2  
 2 Connor Murphy            Derek Forbort            45     1   2  2  

4 vs 4 Forward 
   Center                   Wing                     Time % Phy DF OF 
 1 Logan Couture            Drake Batherson          55     1   2  2  
 2 Isac Lundestrom          Frank Vatrano            45     1   2  2  

4 vs 4 Defense
   Defense                  Defense                  Time % Phy DF OF 
 1 Charles McAvoy           Erik Cernak              55     1   2  2  
 2 Connor Murphy            Derek Forbort            45     1   2  2  

Last Minutes Offensive
   Center                   Left Wing                Right Wing               Defense                  Defense                  
   Logan Couture            Brandon Saad             Drake Batherson          Charles McAvoy           Erik Cernak              

Last Minutes Defensive
   Center                   Left Wing                Right Wing               Defense                  Defense                  
   Logan Couture            Brandon Saad             Drake Batherson          Charles McAvoy           Erik Cernak              

Goaltenders
Starting : Connor Hellebuyck        
Backup : Akira Schmid             

Extra Forwards
Normal : Jake Neighbours, Evander Kane, Andrew Cogliano - PP : Jake Neighbours, Evander Kane - PK : Andrew Cogliano
Extra Defensemen
Normal : Adam Boqvist, Alexandre Carrier, Connor Murphy - PP : Adam Boqvist - PK : Alexandre Carrier, Connor Murphy
Penalty Shots
Logan Couture, Drake Batherson, Brandon Saad, Frank Vatrano, Jordan Martinook
Custom OT Lines Forwards
Logan Couture, Drake Batherson, Brandon Saad, Frank Vatrano, Jordan Martinook, Evander Kane, Andrew Cogliano, Wyatt Johnston, Luke Kunin, Isac Lundestrom
Custom OT Lines Defensemen
Charles McAvoy, Erik Cernak, Connor Murphy, Derek Forbort, Adam Boqvist

Scratches
None


% Time on Ice - PORTLAND PIRATES

Lines # - Real PCT - Wanted PCT - Time Play
Normal Forward
1 - 34% - 33% - 16:19
2 - 35% - 33% - 16:57
3 - 21% - 22% - 10:01
4 - 10% - 12% - 4:49
Normal Defense
1 - 37% - 33% - 17:53
2 - 33% - 33% - 15:56
3 - 16% - 18% - 7:33
4 - 14% - 16% - 6:44
PP Forward
1 - 50% - 60% - 2:57
2 - 50% - 40% - 3:00
PP Defense
1 - 53% - 60% - 3:08
2 - 47% - 40% - 2:49
PK Forward
1 - 62% - 60% - 3:42
2 - 38% - 40% - 2:15
PK Defense
1 - 50% - 60% - 2:57
2 - 50% - 40% - 3:00
PK3 Forward
1 - 0% - 55%
2 - 0% - 45%
PK3 Defense
1 - 0% - 55%
2 - 0% - 45%
44 Forward
1 - 0% - 55%
2 - 0% - 45%
44 Defense
1 - 0% - 55%
2 - 0% - 45%
Last Minute Offensive  - 0:00
Last Minute Defensive  - 0:00
Total
Forward - 60:00
Defense - 60:00

% Time on Ice - SAN DIEGO THUNDER

Lines # - Real PCT - Wanted PCT - Time Play
Normal Forward
1 - 31% - 36% - 15:06
2 - 30% - 31% - 14:25
3 - 27% - 23% - 12:58
4 - 12% - 10% - 5:37
Normal Defense
1 - 33% - 36% - 15:57
2 - 33% - 31% - 15:52
3 - 29% - 23% - 13:45
4 - 5% - 10% - 2:32
PP Forward
1 - 41% - 55% - 2:27
2 - 59% - 45% - 3:30
PP Defense
1 - 35% - 55% - 2:06
2 - 65% - 45% - 3:51
PK Forward
1 - 52% - 55% - 3:04
2 - 48% - 45% - 2:53
PK Defense
1 - 64% - 55% - 3:48
2 - 36% - 45% - 2:09
PK3 Forward
1 - 0% - 55%
2 - 0% - 45%
PK3 Defense
1 - 0% - 55%
2 - 0% - 45%
44 Forward
1 - 0% - 55%
2 - 0% - 45%
44 Defense
1 - 0% - 55%
2 - 0% - 45%
Last Minute Offensive  - 0:00
Last Minute Defensive  - 0:00
Total
Forward - 60:00
Defense - 60:00

Play-by-Play

1st period


0:01 of 1st period - Logan Couture wins face-off versus Mika Zibanejad in neutral zone.
0:16 of 1st period - Shot by Robert Thomas.
0:16 of 1st period - Shot Misses the Net.
0:18 of 1st period - Shot by Thomas Chabot.
0:18 of 1st period - Stopped by Connor Hellebuyck without a rebound.
0:19 of 1st period - Chandler Stephenson wins face-off versus Frank Vatrano in SAN DIEGO THUNDER zone.
0:28 of 1st period - Shot by Luke Kunin.
0:28 of 1st period - Goal by Luke Kunin - PORTLAND PIRATES : 0 - SAN DIEGO THUNDER : 1.
0:29 of 1st period - Andrew Cogliano wins face-off versus Sam Steel in neutral zone.
0:44 of 1st period - Shot by Michael Amadio.
0:44 of 1st period - Stopped by Connor Hellebuyck without a rebound.
0:45 of 1st period - Chandler Stephenson wins face-off versus Wyatt Johnston in SAN DIEGO THUNDER zone.
0:45 of 1st period - Yanni Gourde is hit by Erik Cernak and loses puck.
0:59 of 1st period - Icing by Charles McAvoy.
1:00 of 1st period - Wyatt Johnston wins face-off versus Michael McLeod in SAN DIEGO THUNDER zone.
1:00 of 1st period - Wyatt Johnston is hit by Nathan Bastian.
1:25 of 1st period - Logan Couture is hit by Nick Holden.
1:32 of 1st period - Logan Couture is hit by Nick Holden and loses puck.
1:40 of 1st period - Minor Penalty to Nick Holden for Hooking.
1:41 of 1st period - Michael McLeod wins face-off versus Frank Vatrano in PORTLAND PIRATES zone.
2:06 of 1st period - Shot by Jordan Martinook.
2:06 of 1st period - Stopped by Martin Jones with a rebound.
2:08 of 1st period - Shot by Frank Vatrano.
2:08 of 1st period - Shot Blocked by Travis Hamonic.
2:10 of 1st period - Shot by Jordan Martinook.
2:10 of 1st period - Stopped by Martin Jones without a rebound.
2:11 of 1st period - Logan Couture wins face-off versus Michael McLeod in PORTLAND PIRATES zone.
2:28 of 1st period - Shot by Brandon Saad.
2:28 of 1st period - Stopped by Martin Jones without a rebound.
2:29 of 1st period - Michael McLeod wins face-off versus Frank Vatrano in PORTLAND PIRATES zone.
2:51 of 1st period - Icing by Connor Murphy.
2:52 of 1st period - Yanni Gourde wins face-off versus Frank Vatrano in SAN DIEGO THUNDER zone.
3:03 of 1st period - Yanni Gourde is hit by Luke Kunin and loses puck.
4:14 of 1st period - Shot by Logan Couture.
4:14 of 1st period - Deflect By Wyatt Johnston.
4:14 of 1st period - Stopped by Martin Jones without a rebound.
4:15 of 1st period - Chandler Stephenson wins face-off versus Andrew Cogliano in PORTLAND PIRATES zone.
5:26 of 1st period - Shot by Sam Steel.
5:26 of 1st period - Stopped by Connor Hellebuyck with a rebound.
5:28 of 1st period - Shot by Michael Amadio.
5:28 of 1st period - Stopped by Connor Hellebuyck with a rebound.
5:30 of 1st period - Shot by Brett Pesce.
5:30 of 1st period - Deflect By Michael Amadio.
5:30 of 1st period - Shot Misses the Net.
5:32 of 1st period - Shot by Michael Amadio.
5:32 of 1st period - Shot Misses the Net.
5:34 of 1st period - Shot by Michael Amadio.
5:34 of 1st period - Stopped by Connor Hellebuyck with a rebound.
5:36 of 1st period - Shot by Sam Steel.
5:36 of 1st period - Stopped by Connor Hellebuyck without a rebound.
5:37 of 1st period - Mika Zibanejad wins face-off versus Evander Kane in SAN DIEGO THUNDER zone.
5:38 of 1st period - Shot by Travis Konecny.
5:38 of 1st period - Stopped by Connor Hellebuyck with a rebound.
5:56 of 1st period - Off-side.
5:57 of 1st period - Logan Couture wins face-off versus Nathan Bastian in neutral zone.
6:10 of 1st period - Shot by Drake Batherson.
6:10 of 1st period - Stopped by Martin Jones with a rebound.
6:37 of 1st period - Logan Couture is hit by Brett Pesce and loses puck.
7:04 of 1st period - Shot by Evander Kane.
7:04 of 1st period - Deflect By Frank Vatrano.
7:04 of 1st period - Stopped by Martin Jones with a rebound.
7:14 of 1st period - Shot by Frank Vatrano.
7:14 of 1st period - Stopped by Martin Jones without a rebound.
7:15 of 1st period - Mika Zibanejad wins face-off versus Andrew Cogliano in PORTLAND PIRATES zone.
7:30 of 1st period - Shot by Robert Thomas.
7:30 of 1st period - Shot Misses the Net.
7:43 of 1st period - Minor Penalty to Brian Dumoulin for Interference.
7:44 of 1st period - Logan Couture wins face-off versus Yanni Gourde in PORTLAND PIRATES zone.
10:45 of 1st period - Minor Penalty to Erik Cernak for Interference.
10:46 of 1st period - Chandler Stephenson wins face-off versus Jordan Martinook in SAN DIEGO THUNDER zone.
12:42 of 1st period - Shot by Alec Martinez.
12:42 of 1st period - Stopped by Connor Hellebuyck without a rebound.
12:43 of 1st period - Mika Zibanejad wins face-off versus Jordan Martinook in SAN DIEGO THUNDER zone.
12:52 of 1st period - Shot by Sam Steel.
12:52 of 1st period - Stopped by Connor Hellebuyck without a rebound.
12:53 of 1st period - Sam Steel wins face-off versus Evander Kane in SAN DIEGO THUNDER zone.
13:00 of 1st period - Icing by Frank Vatrano.
13:01 of 1st period - Frank Vatrano wins face-off versus Sam Steel in SAN DIEGO THUNDER zone.
13:01 of 1st period - Frank Vatrano is hit by William Carrier.
13:13 of 1st period - Shot by Evander Kane.
13:13 of 1st period - Stopped by Martin Jones without a rebound.
13:14 of 1st period - Logan Couture wins face-off versus Pavel Zacha in PORTLAND PIRATES zone.
14:03 of 1st period - Pavel Zacha is hit by Logan Couture.
14:13 of 1st period - Logan Couture is hit by Travis Konecny and loses puck.
14:27 of 1st period - Minor Penalty to Erik Cernak for Hooking.
14:28 of 1st period - Robert Thomas wins face-off versus Isac Lundestrom in SAN DIEGO THUNDER zone.
14:50 of 1st period - Shot by Mika Zibanejad.
14:50 of 1st period - Stopped by Connor Hellebuyck without a rebound.
14:51 of 1st period - Frank Vatrano wins face-off versus Chandler Stephenson in SAN DIEGO THUNDER zone.
14:51 of 1st period - Frank Vatrano is hit by Yanni Gourde.
15:06 of 1st period - Icing by Pavel Zacha.
15:07 of 1st period - Jordan Martinook wins face-off versus Chandler Stephenson in PORTLAND PIRATES zone.
15:32 of 1st period - Shot by Thomas Chabot.
15:32 of 1st period - Shot Blocked by Alexandre Carrier.
15:34 of 1st period - Shot by Nick Holden.
15:34 of 1st period - Stopped by Connor Hellebuyck with a rebound.
16:24 of 1st period - Shot by Mika Zibanejad.
16:24 of 1st period - Shot Blocked by Alexandre Carrier.
16:43 of 1st period - Icing by Connor Murphy.
16:44 of 1st period - Sam Steel wins face-off versus Jordan Martinook in SAN DIEGO THUNDER zone.
17:50 of 1st period - Shot by Drake Batherson.
17:50 of 1st period - Goal by Drake Batherson - PORTLAND PIRATES : 0 - SAN DIEGO THUNDER : 2.
17:51 of 1st period - Mika Zibanejad wins face-off versus Frank Vatrano in neutral zone.
18:15 of 1st period - Shot by Mika Zibanejad.
18:15 of 1st period - Goal by Mika Zibanejad - PORTLAND PIRATES : 1 - SAN DIEGO THUNDER : 2.
18:16 of 1st period - Logan Couture wins face-off versus Chandler Stephenson in neutral zone.
18:46 of 1st period - Shot by Pavel Zacha.
18:46 of 1st period - Stopped by Connor Hellebuyck without a rebound.
18:47 of 1st period - Travis Konecny wins face-off versus Frank Vatrano in SAN DIEGO THUNDER zone.
19:18 of 1st period - Shot by Mika Zibanejad.
19:18 of 1st period - Stopped by Connor Hellebuyck without a rebound.
19:19 of 1st period - Chandler Stephenson wins face-off versus Logan Couture in SAN DIEGO THUNDER zone.
19:19 of 1st period - Pavel Zacha is hit by Connor Murphy and loses puck.
19:28 of 1st period - Shot by Drake Batherson.
19:28 of 1st period - Stopped by Martin Jones with a rebound.
19:30 of 1st period - Shot by Derek Forbort.
19:30 of 1st period - Stopped by Martin Jones without a rebound.
19:31 of 1st period - Sam Steel wins face-off versus Andrew Cogliano in PORTLAND PIRATES zone.
19:31 of 1st period - Sam Steel is hit by Filip Zadina.
19:45 of 1st period - Icing by Alexandre Carrier.
19:46 of 1st period - Chandler Stephenson wins face-off versus Andrew Cogliano in SAN DIEGO THUNDER zone.
19:46 of 1st period - Yanni Gourde is hit by Alexandre Carrier and loses puck.
19:50 of 1st period - Icing by Alexandre Carrier.
19:51 of 1st period - Chandler Stephenson wins face-off versus Jordan Martinook in SAN DIEGO THUNDER zone.
Goals for this period are 1 for PORTLAND PIRATES vs 2 for SAN DIEGO THUNDER.
Shots for this period are 14 for PORTLAND PIRATES vs 12 for SAN DIEGO THUNDER.

2nd period


0:01 of 2nd period - Mika Zibanejad wins face-off versus Frank Vatrano in neutral zone.
0:14 of 2nd period - Shot by Evander Kane.
0:14 of 2nd period - Shot Blocked by Brett Pesce.
0:24 of 2nd period - Shot by Mika Zibanejad.
0:24 of 2nd period - Stopped by Connor Hellebuyck without a rebound.
0:25 of 2nd period - Logan Couture wins face-off versus Chandler Stephenson in SAN DIEGO THUNDER zone.
0:57 of 2nd period - Icing by Charles McAvoy.
0:58 of 2nd period - Logan Couture wins face-off versus Mika Zibanejad in SAN DIEGO THUNDER zone.
1:49 of 2nd period - Shot by Evander Kane.
1:49 of 2nd period - Stopped by Martin Jones with a rebound.
2:03 of 2nd period - Shot by Frank Vatrano.
2:03 of 2nd period - Shot Misses the Net.
2:51 of 2nd period - Shot by Filip Zadina.
2:51 of 2nd period - Shot Misses the Net.
3:13 of 2nd period - Erik Cernak is hit by Pavel Zacha and loses puck.
3:56 of 2nd period - Marc Staal is hit by Logan Couture and loses puck.
4:37 of 2nd period - Shot by Frank Vatrano.
4:37 of 2nd period - Stopped by Martin Jones without a rebound.
4:38 of 2nd period - Mika Zibanejad wins face-off versus Andrew Cogliano in PORTLAND PIRATES zone.
6:00 of 2nd period - Minor Penalty to Evander Kane for Goalie Interference.
6:01 of 2nd period - Chandler Stephenson wins face-off versus Jordan Martinook in SAN DIEGO THUNDER zone.
6:21 of 2nd period - Icing by Pavel Zacha.
6:22 of 2nd period - Chandler Stephenson wins face-off versus Jordan Martinook in PORTLAND PIRATES zone.
6:53 of 2nd period - Shot by Thomas Chabot.
6:53 of 2nd period - Stopped by Connor Hellebuyck with a rebound.
7:21 of 2nd period - Shot by Robert Thomas.
7:21 of 2nd period - Shot Misses the Net.
7:56 of 2nd period - Icing by Mika Zibanejad.
7:57 of 2nd period - Isac Lundestrom wins face-off versus Mika Zibanejad in PORTLAND PIRATES zone.
8:24 of 2nd period - Shot by William Carrier.
8:24 of 2nd period - Stopped by Connor Hellebuyck with a rebound.
8:30 of 2nd period - Shot by Frank Vatrano.
8:30 of 2nd period - Stopped by Martin Jones without a rebound.
8:31 of 2nd period - Chandler Stephenson wins face-off versus Wyatt Johnston in PORTLAND PIRATES zone.
8:31 of 2nd period - Chandler Stephenson is hit by Logan Couture.
8:38 of 2nd period - Off-side.
8:39 of 2nd period - Chandler Stephenson wins face-off versus Drake Batherson in neutral zone.
8:41 of 2nd period - Off-side.
8:42 of 2nd period - Chandler Stephenson wins face-off versus Logan Couture in neutral zone.
9:27 of 2nd period - Brian Dumoulin is hit by Drake Batherson and loses puck.
10:42 of 2nd period - Shot by Jordan Martinook.
10:42 of 2nd period - Stopped by Martin Jones with a rebound.
11:20 of 2nd period - Shot by Isac Lundestrom.
11:20 of 2nd period - Shot Misses the Net.
11:28 of 2nd period - Shot by Logan Couture.
11:28 of 2nd period - Shot Misses the Net.
11:41 of 2nd period - Shot by Logan Couture.
11:41 of 2nd period - Shot Blocked by Alec Martinez.
11:43 of 2nd period - Shot by Isac Lundestrom.
11:43 of 2nd period - Goal by Isac Lundestrom - PORTLAND PIRATES : 1 - SAN DIEGO THUNDER : 3.
11:44 of 2nd period - Chandler Stephenson wins face-off versus Frank Vatrano in neutral zone.
12:43 of 2nd period - Icing by Thomas Chabot.
12:44 of 2nd period - Chandler Stephenson wins face-off versus Andrew Cogliano in PORTLAND PIRATES zone.
13:05 of 2nd period - Jordan Martinook is hit by Travis Konecny and loses puck.
13:16 of 2nd period - Shot by Travis Konecny.
13:16 of 2nd period - Stopped by Connor Hellebuyck without a rebound.
13:17 of 2nd period - Michael McLeod wins face-off versus Logan Couture in SAN DIEGO THUNDER zone.
14:09 of 2nd period - Icing by William Carrier.
14:10 of 2nd period - Frank Vatrano wins face-off versus William Carrier in PORTLAND PIRATES zone.
14:25 of 2nd period - Icing by Michael McLeod.
14:26 of 2nd period - Michael McLeod wins face-off versus Andrew Cogliano in PORTLAND PIRATES zone.
14:26 of 2nd period - Nathan Bastian is hit by Jordan Martinook.
14:43 of 2nd period - Robert Thomas is hit by Connor Murphy and loses puck.
14:57 of 2nd period - Icing by Connor Murphy.
14:58 of 2nd period - Chandler Stephenson wins face-off versus Andrew Cogliano in SAN DIEGO THUNDER zone.
15:13 of 2nd period - Shot by Yanni Gourde.
15:13 of 2nd period - Stopped by Connor Hellebuyck with a rebound.
15:15 of 2nd period - Shot by Yanni Gourde.
15:15 of 2nd period - Stopped by Connor Hellebuyck without a rebound.
15:16 of 2nd period - Drake Batherson wins face-off versus Mika Zibanejad in SAN DIEGO THUNDER zone.
15:21 of 2nd period - Shot by Mika Zibanejad.
15:21 of 2nd period - Shot Misses the Net.
15:23 of 2nd period - Shot by Robert Thomas.
15:23 of 2nd period - Stopped by Connor Hellebuyck without a rebound.
15:24 of 2nd period - Logan Couture wins face-off versus Chandler Stephenson in SAN DIEGO THUNDER zone.
15:24 of 2nd period - Charles McAvoy is hit by Pavel Zacha and loses puck.
16:26 of 2nd period - Off-side.
16:27 of 2nd period - Andrew Cogliano wins face-off versus Mika Zibanejad in neutral zone.
16:57 of 2nd period - Andrew Cogliano is hit by Thomas Chabot and loses puck.
17:06 of 2nd period - Shot by Andrew Cogliano.
17:06 of 2nd period - Stopped by Martin Jones without a rebound.
17:07 of 2nd period - Frank Vatrano wins face-off versus Sam Steel in PORTLAND PIRATES zone.
17:44 of 2nd period - Shot by Evander Kane.
17:44 of 2nd period - Stopped by Martin Jones without a rebound.
17:45 of 2nd period - Mika Zibanejad wins face-off versus Logan Couture in PORTLAND PIRATES zone.
18:02 of 2nd period - Shot by Robert Thomas.
18:02 of 2nd period - Stopped by Connor Hellebuyck without a rebound.
18:03 of 2nd period - Chandler Stephenson wins face-off versus Andrew Cogliano in SAN DIEGO THUNDER zone.
18:17 of 2nd period - Shot by Yanni Gourde.
18:17 of 2nd period - Stopped by Connor Hellebuyck without a rebound.
18:18 of 2nd period - Logan Couture wins face-off versus Mika Zibanejad in SAN DIEGO THUNDER zone.
18:18 of 2nd period - Logan Couture is hit by Travis Konecny.
18:41 of 2nd period - Shot by Robert Thomas.
18:41 of 2nd period - Stopped by Connor Hellebuyck with a rebound.
19:01 of 2nd period - Alec Martinez is hit by Drake Batherson and loses puck.
Goals for this period are 0 for PORTLAND PIRATES vs 1 for SAN DIEGO THUNDER.
Shots for this period are 10 for PORTLAND PIRATES vs 7 for SAN DIEGO THUNDER.

3rd period


0:01 of 3rd period - Logan Couture wins face-off versus Chandler Stephenson in neutral zone.
0:10 of 3rd period - Shot by Pavel Zacha.
0:10 of 3rd period - Stopped by Connor Hellebuyck without a rebound.
0:11 of 3rd period - Frank Vatrano wins face-off versus Mika Zibanejad in SAN DIEGO THUNDER zone.
0:16 of 3rd period - Shot by Travis Konecny.
0:16 of 3rd period - Stopped by Connor Hellebuyck without a rebound.
0:17 of 3rd period - Chandler Stephenson wins face-off versus Logan Couture in SAN DIEGO THUNDER zone.
1:23 of 3rd period - Icing by Charles McAvoy.
1:24 of 3rd period - Sam Steel wins face-off versus Drake Batherson in SAN DIEGO THUNDER zone.
2:02 of 3rd period - Sam Steel is hit by Derek Forbort and loses puck.
2:16 of 3rd period - Robert Thomas is hit by Connor Murphy and loses puck.
2:27 of 3rd period - Shot by Robert Thomas.
2:27 of 3rd period - Shot Misses the Net.
2:29 of 3rd period - Shot by Travis Konecny.
2:29 of 3rd period - Shot Misses the Net.
2:33 of 3rd period - Shot by Mika Zibanejad.
2:33 of 3rd period - Shot Misses the Net.
2:35 of 3rd period - Shot by Travis Hamonic.
2:35 of 3rd period - Shot Blocked by Derek Forbort.
2:37 of 3rd period - Shot by Travis Konecny.
2:37 of 3rd period - Stopped by Connor Hellebuyck without a rebound.
2:38 of 3rd period - Andrew Cogliano wins face-off versus Chandler Stephenson in SAN DIEGO THUNDER zone.
2:38 of 3rd period - Andrew Cogliano is hit by Yanni Gourde.
2:43 of 3rd period - Adam Boqvist is hit by Brian Dumoulin and loses puck.
3:13 of 3rd period - Off-side.
3:14 of 3rd period - Mika Zibanejad wins face-off versus Wyatt Johnston in neutral zone.
3:18 of 3rd period - Icing by Charles McAvoy.
3:19 of 3rd period - Mika Zibanejad wins face-off versus Wyatt Johnston in SAN DIEGO THUNDER zone.
3:20 of 3rd period - Shot by Robert Thomas.
3:20 of 3rd period - Stopped by Connor Hellebuyck without a rebound.
3:21 of 3rd period - Mika Zibanejad wins face-off versus Logan Couture in SAN DIEGO THUNDER zone.
3:47 of 3rd period - Icing by Logan Couture.
3:48 of 3rd period - Logan Couture wins face-off versus Chandler Stephenson in SAN DIEGO THUNDER zone.
4:05 of 3rd period - Shot by Drake Batherson.
4:05 of 3rd period - Stopped by Martin Jones with a rebound.
4:28 of 3rd period - Chandler Stephenson is hit by Erik Cernak and loses puck.
4:44 of 3rd period - Icing by Chandler Stephenson.
4:45 of 3rd period - Chandler Stephenson wins face-off versus Andrew Cogliano in PORTLAND PIRATES zone.
4:57 of 3rd period - Shot by Jordan Martinook.
4:57 of 3rd period - Shot Misses the Net.
4:59 of 3rd period - Shot by Jordan Martinook.
4:59 of 3rd period - Stopped by Martin Jones with a rebound.
5:39 of 3rd period - Shot by Frank Vatrano.
5:39 of 3rd period - Shot Misses the Net.
5:41 of 3rd period - Shot by Frank Vatrano.
5:41 of 3rd period - Stopped by Martin Jones without a rebound.
5:42 of 3rd period - Logan Couture wins face-off versus Mika Zibanejad in PORTLAND PIRATES zone.
6:59 of 3rd period - Shot by William Carrier.
6:59 of 3rd period - Stopped by Connor Hellebuyck without a rebound.
7:00 of 3rd period - Michael McLeod wins face-off versus Andrew Cogliano in SAN DIEGO THUNDER zone.
7:00 of 3rd period - Nathan Bastian is hit by Alexandre Carrier and loses puck.
7:20 of 3rd period - Jordan Martinook is hit by Travis Hamonic.
7:33 of 3rd period - Andrew Cogliano is hit by Travis Hamonic and loses puck.
7:59 of 3rd period - Shot by Mika Zibanejad.
7:59 of 3rd period - Stopped by Connor Hellebuyck without a rebound.
8:00 of 3rd period - Chandler Stephenson wins face-off versus Logan Couture in SAN DIEGO THUNDER zone.
8:27 of 3rd period - Shot by Yanni Gourde.
8:27 of 3rd period - Stopped by Connor Hellebuyck without a rebound.
8:28 of 3rd period - Frank Vatrano wins face-off versus Mika Zibanejad in SAN DIEGO THUNDER zone.
8:38 of 3rd period - Shot by Frank Vatrano.
8:38 of 3rd period - Shot Misses the Net.
9:45 of 3rd period - Shot by Pavel Zacha.
9:45 of 3rd period - Stopped by Connor Hellebuyck without a rebound.
9:46 of 3rd period - Logan Couture wins face-off versus Sam Steel in SAN DIEGO THUNDER zone.
9:46 of 3rd period - Logan Couture is hit by William Carrier.
10:13 of 3rd period - Shot by Drake Batherson.
10:13 of 3rd period - Stopped by Martin Jones without a rebound.
10:14 of 3rd period - Chandler Stephenson wins face-off versus Andrew Cogliano in PORTLAND PIRATES zone.
10:40 of 3rd period - Adam Boqvist is hit by Yanni Gourde and loses puck.
11:08 of 3rd period - Pavel Zacha is hit by Connor Murphy.
11:18 of 3rd period - Shot by Michael Amadio.
11:18 of 3rd period - Deflect By William Carrier.
11:18 of 3rd period - Stopped by Connor Hellebuyck with a rebound.
11:20 of 3rd period - Shot by Travis Hamonic.
11:20 of 3rd period - Shot Blocked by Derek Forbort.
11:32 of 3rd period - Shot by William Carrier.
11:32 of 3rd period - Stopped by Connor Hellebuyck without a rebound.
11:33 of 3rd period - Mika Zibanejad wins face-off versus Frank Vatrano in SAN DIEGO THUNDER zone.
11:36 of 3rd period - Shot by Robert Thomas.
11:36 of 3rd period - Stopped by Connor Hellebuyck with a rebound.
11:44 of 3rd period - Shot by Travis Konecny.
11:44 of 3rd period - Stopped by Connor Hellebuyck without a rebound.
11:45 of 3rd period - Wyatt Johnston wins face-off versus Sam Steel in SAN DIEGO THUNDER zone.
12:02 of 3rd period - Minor Penalty to William Carrier for Slashing.
12:03 of 3rd period - Michael McLeod wins face-off versus Frank Vatrano in PORTLAND PIRATES zone.
12:24 of 3rd period - Shot by Luke Kunin.
12:24 of 3rd period - Shot Hit the Post.
13:35 of 3rd period - Shot by Logan Couture.
13:35 of 3rd period - Shot Misses the Net.
13:48 of 3rd period - Shot by Charles McAvoy.
13:48 of 3rd period - Stopped by Martin Jones without a rebound.
13:49 of 3rd period - Michael Amadio wins face-off versus Logan Couture in PORTLAND PIRATES zone.
15:02 of 3rd period - Icing by Sam Steel.
15:03 of 3rd period - Frank Vatrano wins face-off versus Sam Steel in PORTLAND PIRATES zone.
16:34 of 3rd period - Travis Hamonic is hit by Filip Zadina and loses puck.
16:51 of 3rd period - Pavel Zacha is hit by Drake Batherson and loses puck.
17:23 of 3rd period - Alexandre Carrier is hit by Travis Konecny and loses puck.
17:36 of 3rd period - Shot by Robert Thomas.
17:36 of 3rd period - Stopped by Connor Hellebuyck without a rebound.
17:37 of 3rd period - Mika Zibanejad wins face-off versus Evander Kane in SAN DIEGO THUNDER zone.
17:42 of 3rd period - Shot by Robert Thomas.
17:42 of 3rd period - Stopped by Connor Hellebuyck with a rebound.
17:49 of 3rd period - Icing by Connor Murphy.
17:50 of 3rd period - Frank Vatrano wins face-off versus Mika Zibanejad in SAN DIEGO THUNDER zone.
17:55 of 3rd period - Shot by Frank Vatrano.
17:55 of 3rd period - Shot Blocked by Mika Zibanejad.
18:09 of 3rd period - Shot by Luke Kunin.
18:09 of 3rd period - Shot Misses the Net.
18:29 of 3rd period - Shot by Evander Kane.
18:29 of 3rd period - Stopped by Martin Jones with a rebound.
18:54 of 3rd period - Chandler Stephenson is hit by Erik Cernak and loses puck.
19:43 of 3rd period - Icing by Sam Steel.
19:44 of 3rd period - Logan Couture wins face-off versus Michael Amadio in PORTLAND PIRATES zone.
19:47 of 3rd period - Shot by Drake Batherson.
19:47 of 3rd period - Deflect By Brandon Saad.
19:47 of 3rd period - Shot Misses the Net.
19:55 of 3rd period - Off-side.
19:56 of 3rd period - Mika Zibanejad wins face-off versus Frank Vatrano in neutral zone.
Goals for this period are 0 for PORTLAND PIRATES vs 0 for SAN DIEGO THUNDER.
Shots for this period are 14 for PORTLAND PIRATES vs 6 for SAN DIEGO THUNDER.


ROOPE
HINTZ
ARTEMI
PANARIN
MIRO
HEISKANEN

EAST COAST

HOCKEY LEAGUE

  • 59.RHI1PIT5
  • 60.WOR6ATL7
  • 61.CHWQUE
  • 62.TRVCHA